[Event "LEM Niedersachsen-A-Open 2025"]
[Site "Verden"]
[Date "2025.01.04"]
[Round "5.1"]
[White "Laubsch, Bernd"]
[Black "Stotyn, Fabian"]
[Result "0-1"]
[ECO "B29"]
[WhiteElo "2215"]
[BlackElo "2123"]
[Annotator "TA"]
[PlyCount "104"]
[EventDate "2024.12.27"]
[EventType "swiss"]
[EventCountry "GER"]
[SourceTitle "playchess.com"]
[Source "ChessBase"]
[SourceQuality "1"]
[TimeControl "40/5400+30:1800+30"]

1. e4 c5 2. Nf3 Nf6 3. e5 Nd5 4. Nc3 e6 5. Nxd5 exd5 6. d4 Nc6 7. dxc5 Bxc5 8. Qxd5 Qb6 9. Bc4 Bxf2+ 10. Ke2 O-O {[%emt 0:00:17][%cal Od7d6] And now ...d6! would win.} 11. Rf1 $1 Bc5 {[%emt 0:00:04][%cal Od7d6] White must now prevent ...d6!} 12. Ng5 Nxe5 13. Nxf7 $1 {[%emt 0:02:28] White is slightly better.} Nxf7 14. Rxf7 Qe6+ 15. Qxe6 dxe6 16. Rxf8+ Kxf8 17. Bf4 Bd7 18. Rf1 Ke8 19. Be5 g6 20. Rf3 $1 Ke7 21. Bf6+ $1 Ke8 22. Rh3 Kf7 23. Be5 (23. Rxh7+ Kxf6 24. Rxd7 b6) 23... Kg8 24. Rd3 Bc6 25. c3 a5 (25... Kf7 $14) 26. g4 ({White should play} 26. Bxe6+ $16 Kf8 27. Bd5) 26... Re8 $1 $14 27. g5 b5 28. Bb3 a4 29. Bd1 Bd5 {[%emt 0:00:28][%cal Od5c4] ...Bc4! is the strong threat.} 30. Kd2 ({Better is} 30. b3 $11) 30... Be7 $1 $15 31. h4 Bxa2 32. Bf3 Bc4 33. Rd7 Rd8 34. Rxd8+ Bxd8 $17 {[%emt 0:00:06][%mdl 4096] Endgame. KBB-KBB} 35. Ke3 Bb6+ 36. Kf4 Bf2 37. h5 Kf7 38. Be4 Bc5 39. h6 Be7 40. Bc2 a3 41. bxa3 Bxa3 {[%emt 0:30:05] aiming for ...Bc1+.} 42. Bf6 Bb2 (42... Bc1+ $1 $17 43. Ke4 Bd5+ 44. Kd4 Bc4) 43. Be5 $2 {[%emt 0:00:00][%mdl 8192] Now White is beyond hope.} (43. Ke3 $11) 43... Bc1+ $19 44. Kg4 Be2+ 45. Kh4 {[%emt 0:00:00] [#]} Bb2 $1 46. Kg3 {[%emt 0:00:00] [#]} b4 $1 47. Kf2 Bg4 (47... Bxc3 $2 {too greedy.} 48. Bxc3 Bg4 49. Bxb4 $18) 48. Ke3 (48. Bf4 $142 Bxc3 (48... bxc3 $2 49. Ke1 $19) 49. Bb3) 48... Bxc3 49. Bxc3 bxc3 {[%emt 0:00:00] Black mates.} 50. Kd4 Bf5 51. Kxc3 Bxc2 52. Kxc2 e5 {[%emt 0:00:00] Weighted Error Value: White=0.45/Black=0.05 (flawless) .  Loses game:     	White=1     	---        Mistake:       	White=3     	Black=2      Inaccurate:     	White=5     	Black=1      OK:         	White=16    	Black=14     Best:        	White=2     	Black=4      Strong:       	White=3     	Black=4} 0-1

[Event "LEM Niedersachsen-A-Open 2025"]
[Site "Verden"]
[Date "2025.01.04"]
[Round "5.2"]
[White "Weigand, Anton"]
[Black "Hilker, Bjoern"]
[Result "1-0"]
[ECO "C43"]
[WhiteElo "2092"]
[BlackElo "1993"]
[Annotator "TA"]
[PlyCount "37"]
[EventDate "2024.12.27"]
[EventType "swiss"]
[EventCountry "GER"]
[SourceTitle "playchess.com"]
[Source "ChessBase"]
[SourceQuality "1"]
[TimeControl "40/5400+30:1800+30"]

1. e4 e5 2. Nf3 Nf6 3. d4 exd4 4. e5 Ne4 5. Qxd4 d5 6. exd6 Nxd6 7. Bd3 Nc6 8. Qf4 g6 9. O-O Bg7 10. Re1+ Be6 11. Ng5 O-O 12. Nxe6 fxe6 13. Qg4 Bd4 14. Qxe6+ (14. Rf1 $11 {remains equal.}) 14... Kh8 15. Rf1 $1 {[%emt 0:00:19] [#]} Rxf2 $1 16. Rxf2 Qh4 $2 (16... Bxf2+ $15 {stays ahead.} 17. Kh1 (17. Kxf2 $2 {is the wrong capture.} Qh4+ 18. Kg1 Re8 $19) 17... Qh4) 17. Be3 $18 Re8 $2 (17... Bxb2 18. c3 Re8) 18. Bxd4+ Qxd4 19. Qf6+ 1-0

[Event "LEM Niedersachsen-A-Open 2025"]
[Site "Verden"]
[Date "2025.01.04"]
[Round "5.3"]
[White "Moeller, Jonas"]
[Black "Kieselbach, Marvin"]
[Result "0-1"]
[ECO "B56"]
[WhiteElo "1934"]
[BlackElo "2008"]
[Annotator "RC"]
[PlyCount "136"]
[EventDate "2024.12.27"]
[EventType "swiss"]
[EventCountry "GER"]
[SourceTitle "playchess.com"]
[Source "ChessBase"]
[SourceQuality "1"]
[TimeControl "40/5400+30:1800+30"]

1. e4 c5 2. Nf3 Nc6 3. d4 cxd4 4. Nxd4 Nf6 5. Nc3 d6 6. f3 e5 7. Nb3 Be7 8. Be3 Be6 9. Nd5 Bxd5 10. exd5 Nb4 11. c4 a5 12. Qd2 b6 13. Be2 O-O 14. O-O Nd7 15. Kh1 f5 16. f4 Na6 17. g4 a4 18. Nc1 b5 19. cxb5 Nc7 20. b6 Ne8 21. b7 Rb8 22. Nd3 Rxb7 23. fxe5 dxe5 24. gxf5 Nd6 25. Nf2 Nxf5 26. Ne4 Nxe3 27. Qxe3 Nf6 28. Nxf6+ Rxf6 29. Rxf6 Bxf6 30. Qe4 Rxb2 31. Bd3 g6 32. Rg1 Rf2 33. Qxa4 Qxd5+ 34. Be4 Qxa2 35. Qe8+ Kg7 36. Qd7+ Qf7 37. Qg4 Be7 38. Qg3 Qf4 39. Bb1 Bg5 40. Bd3 e4 41. Bb5 e3 42. Qxf4 Bxf4 43. Rg2 Rd2 44. Re2 Kf6 45. Kg2 Rd5 46. Bc6 Rh5 47. h3 Rg5+ 48. Kf3 Ke5 49. Rg2 Rf5 50. Bd7 Rf7 51. Bb5 Rb7 52. Ba6 Rb3 53. Bc8 Rc3 54. Bd7 Rc1 55. Ra2 Rf1+ 56. Kg2 Rd1 57. Bg4 Rd2+ 58. Rxd2 exd2 59. Kf2 Ke4 60. Ke2 h5 61. Bd7 g5 62. Be8 g4 63. hxg4 hxg4 64. Bd7 g3 65. Bc6+ Kd4 66. Bg2 Kc3 67. Kd1 Kd3 68. Bb7 Ke3 0-1

[Event "LEM Niedersachsen-A-Open 2025"]
[Site "Verden"]
[Date "2025.01.04"]
[Round "5.4"]
[White "Becker, Stefan"]
[Black "Soellig, Martin"]
[Result "1/2-1/2"]
[ECO "A13"]
[WhiteElo "2036"]
[BlackElo "1930"]
[Annotator "NA RC"]
[PlyCount "50"]
[EventDate "2024.12.27"]
[EventType "swiss"]
[EventCountry "GER"]
[SourceTitle "playchess.com"]
[Source "ChessBase"]
[SourceQuality "1"]
[TimeControl "40/5400+30:1800+30"]

1. Nf3 Nf6 2. g3 b6 3. Bg2 Bb7 4. O-O e6 5. c4 d5 6. cxd5 Nxd5 {[%emt 0:00:40] A13: English Opening: 1...e6.} 7. Re1 Be7 8. e4 Nf6 9. Nc3 O-O 10. d4 c5 11. Bf4 Nbd7 12. d5 exd5 13. exd5 Nh5 14. Be3 Bf6 15. Nb5 g6 16. Nd6 (16. Qd2 $18) 16... Qc7 17. Nxb7 Qxb7 18. Qb3 Rad8 19. Nd2 Qc7 20. Ne4 Be5 21. f4 Bd6 22. Qb5 ({White should try} 22. Qc3 $16) 22... Ndf6 23. Nxf6+ Nxf6 24. h3 Nh5 25. Bf2 Qd7 $11 1/2-1/2

[Event "LEM Niedersachsen-A-Open 2025"]
[Site "Verden"]
[Date "2025.01.04"]
[Round "5.5"]
[White "Scheffner, Jarno"]
[Black "Hoellman, Ludger"]
[Result "1/2-1/2"]
[ECO "B12"]
[WhiteElo "1925"]
[BlackElo "2026"]
[Annotator "NA RC"]
[PlyCount "59"]
[EventDate "2024.12.27"]
[EventType "swiss"]
[EventCountry "GER"]
[SourceTitle "playchess.com"]
[Source "ChessBase"]
[SourceQuality "1"]
[TimeControl "40/5400+30:1800+30"]

1. e4 c6 2. d4 d5 3. f3 Qb6 4. Nc3 dxe4 5. fxe4 e5 6. Nf3 {[%emt 0:00:44] B12: Caro-Kann: Advance Variation.} exd4 7. Qxd4 Qxd4 8. Nxd4 Bd6 9. Bd3 Ne7 10. Bd2 Bg4 11. Nf5 Bxf5 12. exf5 Nd7 13. O-O Nf6 14. Rae1 O-O-O 15. Bg5 Bc5+ 16. Kh1 Ned5 17. Nxd5 Rxd5 18. Bxf6 gxf6 19. Re4 Rd4 20. Rfe1 Rhd8 21. g3 h6 22. Kg2 Rxe4 23. Rxe4 Kd7 24. Bc4 Re8 25. Rh4 Bf8 26. Kf3 $14 ({But not} 26. Bxf7 Re2+ 27. Kh3 Rxc2 $11) 26... Re5 27. Rd4+ Ke8 28. g4 h5 29. Bd3 h4 30. Re4 1/2-1/2

[Event "LEM Niedersachsen-A-Open 2025"]
[Site "Verden"]
[Date "2025.01.04"]
[Round "5.6"]
[White "Thomas, Jeremy"]
[Black "Ploog, Martin"]
[Result "1/2-1/2"]
[ECO "B32"]
[WhiteElo "1935"]
[BlackElo "2001"]
[Annotator "NA RC"]
[PlyCount "51"]
[EventDate "2024.12.27"]
[EventType "swiss"]
[EventCountry "GER"]
[SourceTitle "playchess.com"]
[Source "ChessBase"]
[SourceQuality "1"]
[TimeControl "40/5400+30:1800+30"]

1. e4 c5 2. Nf3 Nc6 3. d4 cxd4 4. Nxd4 e5 5. Nb5 d6 6. N1c3 a6 7. Na3 Be7 {[%emt 0:00:22] 7...Be6 is the modern continuation.} 8. Be3 {[%emt 0:00:42] B32: Sicilian: Löwenthal and Kalashnikov Variations.} Nf6 9. Nc4 b5 10. Nb6 Rb8 11. Nxc8 Qxc8 12. Be2 O-O 13. a3 Na5 14. O-O h6 15. Qd3 Nc4 16. Bc1 Qc6 $146 ({Predecessor:} 16... Qd8 17. b3 Nb6 18. Rd1 Nfd7 19. Be3 Rc8 20. a4 b4 21. Nd5 Nxd5 22. Qxd5 Rxc2 23. Bxa6 {1-0 Ghafourian,A (2113)-Chabris,C (2054) Titled Tuesday intern op 12th Mar Late blitz 2024 (2)}) 17. a4 Rfc8 18. axb5 axb5 19. Rd1 b4 $11 20. Nd5 Nxd5 21. exd5 Qd7 22. Qg3 f5 23. Bxh6 Bf6 24. Bg5 Bxg5 25. Qxg5 Qf7 26. Bh5 1/2-1/2

[Event "LEM Niedersachsen-A-Open 2025"]
[Site "Verden"]
[Date "2025.01.04"]
[Round "5.7"]
[White "Bundan, Edward"]
[Black "Aden, Meino"]
[Result "1-0"]
[ECO "C07"]
[WhiteElo "1822"]
[BlackElo "1933"]
[Annotator "NA RC"]
[PlyCount "73"]
[EventDate "2024.12.27"]
[EventType "swiss"]
[EventCountry "GER"]
[SourceTitle "playchess.com"]
[Source "ChessBase"]
[SourceQuality "1"]
[TimeControl "40/5400+30:1800+30"]

1. e4 e6 2. d4 d5 3. Nd2 c5 4. exd5 Qxd5 5. Ngf3 Nc6 6. Bc4 {[%emt 0:00:08] C07: French Tarrasch: 3...c5, 4 Ngf3 and 4 exd5 Qxd5.} Qd6 (6... Qd7 $14) 7. Ne4 Qc7 8. dxc5 Bxc5 9. Nxc5 Qa5+ 10. c3 Qxc5 11. Qe2 Bd7 12. Be3 Qh5 13. O-O-O Nf6 14. Bg5 h6 15. Bxf6 ({White should try} 15. Bh4) 15... gxf6 16. b4 Qg4 (16... Ne5 $11 {was preferable.}) 17. g3 Rc8 18. Qd3 Rd8 19. h3 Qg6 20. Qe3 O-O 21. Bd3 Qg7 $11 22. Bc2 Ne7 23. c4 Nc6 24. a3 e5 25. Be4 f5 26. Bxc6 Bxc6 27. Rxd8 Rxd8 28. Rd1 Rxd1+ 29. Kxd1 e4 30. Nd4 f4 31. gxf4 Ba4+ 32. Kd2 Qg1 33. Qg3+ Qxg3 34. fxg3 Bd7 35. g4 h5 36. f5 Kg7 37. g5 1-0

[Event "LEM Niedersachsen-A-Open 2025"]
[Site "Verden"]
[Date "2025.01.04"]
[Round "5.8"]
[White "Reimer, Philip"]
[Black "Lebiedz, Oliver"]
[Result "1/2-1/2"]
[ECO "B45"]
[WhiteElo "2131"]
[BlackElo "1939"]
[Annotator "TA"]
[PlyCount "126"]
[EventDate "2024.12.27"]
[EventType "swiss"]
[EventCountry "GER"]
[SourceTitle "playchess.com"]
[Source "ChessBase"]
[SourceQuality "1"]
[TimeControl "40/5400+30:1800+30"]

1. e4 c5 2. Nf3 e6 3. d4 cxd4 4. Nxd4 Nf6 5. Nc3 Nc6 6. Ndb5 Bb4 7. a3 Bxc3+ 8. Nxc3 d5 9. exd5 Nxd5 10. Nxd5 exd5 11. Be2 O-O 12. O-O Bf5 13. Bf4 Rc8 14. Rc1 Qf6 15. c3 {[%emt 0:08:39] The position is equal.} d4 16. Bg3 {[%emt 0:05:36] [#]} (16. cxd4 $11 Nxd4 17. Rxc8 Bxc8 18. Be3 Nxe2+ 19. Qxe2) 16... d3 $1 $17 17. Bf3 (17. Bxd3 $2 Rcd8 18. Qb3 Bxd3 $19) 17... Rfd8 (17... Na5 $1 $17 {White must now prevent ...Nc4.} 18. Ra1 Qb6) 18. Bxc6 $1 $15 Qxc6 19. Qd2 $1 {[%emt 0:00:59] White is weak on the light squares} Qa4 20. Bf4 Qb3 21. c4 b6 (21... Rxc4 $2 22. Qa5 Rcd4 (22... Rdd4 23. Qxf5 g6 24. Qc8+ Rxc8 25. Rxc8+ Kg7 26. Be5+ f6 27. Bxd4 $18) 23. Qxf5 $18) 22. Rc3 Qa4 23. b4 Rd4 24. Rfc1 h6 25. Be3 {[%emt 0:00:53] [#]} Rg4 26. f3 Rg6 27. c5 bxc5 28. Rxc5 Rxc5 29. bxc5 Bh3 $1 (29... Qxa3 30. c6 $11) 30. c6 $2 (30. g3 $17) 30... Bxg2 $2 (30... Qxa3 31. c7 Bc8 32. h4 $16) (30... Rxg2+ $19 31. Qxg2 Bxg2 32. Kxg2 d2 (32... Qxa3 $2 33. c7 $18) 33. Bxd2 Qd4 (33... Qxa3 $2 34. c7 $18)) 31. c7 $17 Bh3+ (31... Bxf3+ $6 32. Kf2 Qh4+ (32... Rg2+ 33. Ke1 $11) 33. Kxf3 Qg4+ 34. Kf2 Qg2+ 35. Ke1 Qh1+ 36. Kf2 Qg2+ (36... Qxh2+ $2 37. Kf3 $18) 37. Ke1 Qh1+ 38. Kf2 Rf6+ (38... Qxh2+ 39. Kf3 $18) 39. Kg3 (39. Bf4 $2 Qxh2+ 40. Kf3 Qxd2 $19) 39... Qf3+ 40. Kh4 g5+ (40... Qe4+ 41. Kh3 $11) 41. Bxg5 Qe4+ 42. Kh5 Qf3+ 43. Kh4 Qe4+ 44. Kh5 Qf3+ 45. Kh4 $11) 32. Kh1 Qa6 {[%emt 0:01:10][%cal Oa6b7] Threatens to win with ...Qb7!} (32... Qxa3 33. c8=Q+ Bxc8 34. Rxc8+ Kh7 35. Rc3 Qa1+ 36. Rc1 $16) 33. Bf4 Qb7 (33... Qxa3 34. c8=R+ (34. c8=B $2 Bg2+ 35. Kg1 Bxf3+ 36. Bg3 Qd6 $19) (34. c8=Q+ Bxc8 35. Rxc8+ Kh7 $14) 34... Bxc8 35. Rxc8+ Kh7 36. Rc3 Qa1+ 37. Rc1 $14) (33... Kh7 $17 {[%cal Oa6b5] aiming for ...Qb5!} 34. Rc3 Bf5) 34. Qf2 $2 (34. Qxd3 $11 {and White stays safe.} Bg2+ 35. Kg1 Qb6+ (35... Qxf3 $2 36. c8=Q+ Kh7 37. Qxf3 $18) 36. Qe3 Bh3+ 37. Kh1 Bg2+ 38. Kg1 Bh3+ 39. Kh1 Bg2+ 40. Kg1) 34... Bd7 $2 (34... Rf6 $19 {is more deadly.} 35. Rc4 Kh7) 35. Bg3 {[%emt 0:00:30] [#]} (35. Rc3 $17) 35... Rc6 ({Black should play} 35... h5 $1 $19 36. Rc3 Rc6 37. Rxc6 Qxc6) 36. Rd1 (36. Rxc6 $17 {is the only way for White.} Qxc6 (36... Bxc6 37. Kg2 $15) 37. Bf4) 36... Rc2 $19 37. Qe3 Bc6 $2 ({Black should try} 37... Bf5 $19 {...Re2 would now be deadly.} 38. Qf4 Bh3) 38. c8=Q+ $2 (38. Rxd3 $14 {keeps the upper hand.} Qa6 39. Rd8+ Kh7 40. Qd3+ (40. c8=B $2 {gets mated.} Qf1+ 41. Qg1 Bxf3#) (40. Kg1 Bb7 $14) 40... Qxd3 41. Rxd3) 38... Qxc8 39. Qxd3 Bb7 (39... Qg4 $1 $19 {has better winning chances.} 40. Kg1 Bxf3 (40... Qxf3 $2 41. Qxf3 Bxf3 42. Rd8+ Kh7 43. Rd7 $17) 41. Qxc2 Bxd1) 40. Qd8+ $17 Qxd8 41. Rxd8+ {[%emt 0:30:05][%mdl 4096] Endgame. KRB-KRB} Kh7 42. Rd7 Bxf3+ 43. Kg1 Kg6 44. Rxa7 h5 45. Rc7 Ra2 46. Rc3 Bd5 47. Bd6 Kf5 48. Kf1 g5 49. Ke1 Ke6 50. Bb8 f5 51. Re3+ Be4 52. Rb3 (52. h4 $142) 52... f4 $19 53. h4 (53. h3 {was necessary.}) 53... f3 (53... gxh4 54. Bxf4 Bf5 55. Re3+ Kf7 56. Re2 Rxa3 57. Bb8 $19) 54. hxg5 (54. Bg3 $142 Re2+ 55. Kf1) 54... h4 {[%emt 0:00:00] And now ...h3 would win.} 55. Rb6+ Kf5 {[%emt 0:00:00] ( -> ...f2+)} 56. Rd6 h3 $2 ({Not} 56... Kxg5 57. Rd2 Rxa3 58. Kf2 $19) (56... Re2+ $19 57. Kf1 h3 (57... Kxg5 $2 58. Rd8 $19)) 57. Rd2 $17 Rxa3 58. Kf2 Kg4 (58... Kxg5 $17 59. Kg3 Kg6) 59. g6 $1 $15 Ra8 60. Bh2 Rg8 (60... Bxg6 $5 61. Rd4+ $8 Kg5 62. Kxf3 Ra3+ 63. Ke2 Bh5+ 64. Ke1 Bf7 $17) 61. Rd6 (61. Rd1 $1 $11 {remains equal.}) 61... Ba8 ({Of course not} 61... Bxg6 $6 62. Rd4+ Kh5 63. Kxf3 $11) ({Better is} 61... Rxg6 $17 62. Rxg6+ Bxg6) 62. Rd4+ Kh5 63. Rd6 Rxg6 {[%emt 0:00:55] Weighted Error Value: White=0.58/Black=0.45.  Loses game:     	White=3     	---        Missed win:     	---       	Black=3      Mistake:       	White=7     	Black=6      Inaccurate:     	White=3     	Black=3      OK:         	White=6     	Black=18     Best:        	White=5     	Black=4      Strong:       	White=3     	Black=1      Brilliant:      	---       	Black=1} 1/2-1/2

[Event "LEM Niedersachsen-A-Open 2025"]
[Site "Verden"]
[Date "2025.01.04"]
[Round "5.10"]
[White "Renner, Kai"]
[Black "Gottschalk, Siegfried"]
[Result "1/2-1/2"]
[ECO "C03"]
[WhiteElo "2080"]
[BlackElo "1936"]
[Annotator "NA RC"]
[PlyCount "61"]
[EventDate "2024.12.27"]
[EventType "swiss"]
[EventCountry "GER"]
[SourceTitle "playchess.com"]
[Source "ChessBase"]
[SourceQuality "1"]
[TimeControl "40/5400+30:1800+30"]

1. e4 e6 2. d4 d5 3. Nd2 Be7 4. Ngf3 Nf6 5. e5 Nfd7 6. Bd3 c5 7. c3 {[%emt 0:00:16] C03: French Tarrasch: Unusual Black 3rd moves.} b6 8. O-O Ba6 9. Ne1 Bxd3 10. Nxd3 Nc6 11. Qg4 g5 12. Qh5 cxd4 13. Nf3 h6 14. cxd4 Nf8 $1 15. Nxg5 Bxg5 16. f4 Ng6 17. fxg5 hxg5 18. Qxg5 (18. Qd1 $16) 18... Nxd4 19. Qe3 (19. Rf6 $11 {keeps the balance.}) 19... Qh4 20. h3 Nf5 (20... Qe4 $17 21. Rb1 Rh4 22. Qxe4 Rxe4 (22... dxe4 23. Nf2 $17)) 21. Qf2 Rc8 22. Bf4 Nxf4 23. Qxf4 Qxf4 24. Rxf4 Ke7 25. Rc1 Rxc1+ 26. Nxc1 Rc8 27. Nd3 Rc2 $11 28. Rf2 Rc4 29. Rf4 Rc2 30. Rf2 Rc4 31. Rf4 1/2-1/2

[Event "LEM Niedersachsen-A-Open 2025"]
[Site "Verden"]
[Date "2025.01.04"]
[Round "5.11"]
[White "Ophardt, Paul"]
[Black "Freise, Linus"]
[Result "0-1"]
[ECO "A40"]
[WhiteElo "2015"]
[BlackElo "1723"]
[Annotator "RC"]
[PlyCount "96"]
[EventDate "2024.12.27"]
[EventType "swiss"]
[EventCountry "GER"]
[SourceTitle "playchess.com"]
[Source "ChessBase"]
[SourceQuality "1"]
[TimeControl "40/5400+30:1800+30"]

1. d4 e6 2. c4 b6 3. a3 Bb7 4. Nc3 f5 5. Bf4 d6 6. e3 Nf6 7. Nf3 Be7 8. Bd3 Nbd7 9. O-O Bxf3 10. Qxf3 e5 11. dxe5 dxe5 12. Bxf5 exf4 13. Be6 Nc5 14. Qc6+ Kf8 15. Bh3 f3 16. Nb5 Ne8 17. b4 Na6 18. Nd4 Qb8 19. Ne6+ Kg8 20. Qd7 Bf6 21. Nd8 Nd6 22. Qe6+ Kf8 23. Nc6 Qe8 24. Qd5 Qe4 25. Rad1 Qxd5 26. cxd5 Nb8 27. Nd4 Bxd4 28. Rxd4 Ke7 29. Rc1 Na6 30. a4 Rae8 31. gxf3 Kd8 32. e4 Rhf8 33. Kg2 Rf4 34. a5 Nb8 35. axb6 axb6 36. Ra1 Nd7 37. Rd3 Ke7 38. b5 Nc5 39. Re3 Nc4 40. Rc3 Ne5 41. Kg3 g5 42. Bf5 h5 43. Raa3 Kd6 44. Ra2 Ncd3 45. Kg2 Rxf3 46. Rc6+ Nxc6 47. Kxf3 Nd4+ 48. Ke3 Nb4 0-1

[Event "LEM Niedersachsen-A-Open 2025"]
[Site "Verden"]
[Date "2025.01.04"]
[Round "5.12"]
[White "Moeller, Tom"]
[Black "Amrhein, Thorsten"]
[Result "1-0"]
[ECO "D00"]
[WhiteElo "1802"]
[BlackElo "1979"]
[Annotator "NA RC"]
[PlyCount "63"]
[EventDate "2024.12.27"]
[EventType "swiss"]
[EventCountry "GER"]
[SourceTitle "playchess.com"]
[Source "ChessBase"]
[SourceQuality "1"]
[TimeControl "40/5400+30:1800+30"]

1. d4 d5 2. Nc3 Bf5 3. Bf4 Nf6 4. e3 c6 5. f3 e6 6. g4 {[%emt 0:00:05] D00: 1 d4 d5: Unusual lines.} Bg6 7. h4 h6 8. Bd3 Bxd3 9. Qxd3 Bd6 10. Nge2 Bxf4 11. Nxf4 Nbd7 12. O-O-O Qe7 13. g5 Ng8 (13... Nh7 $1 $14 {is more appropriate.}) 14. g6 Qf6 15. gxf7+ Kxf7 16. Rdg1 Qf5 $2 (16... Ne7 $16 {was worth a try.} 17. Nce2 (17. Nh5 Qf5 $14) 17... Rhg8) 17. Qd2 ({But not} 17. Ng6 Ne7 $18) 17... Ne7 18. e4 Qh7 19. h5 Nf8 20. Rg4 g5 21. hxg6+ Nfxg6 22. Rhg1 Rhg8 23. exd5 exd5 24. Nce2 Nf8 25. Nh5 Ne6 26. Nef4 Rxg4 $18 27. Rxg4 Ng5 28. Nd3 Rf8 29. Qf4+ Qf5 30. Ne5+ Kg8 31. Qxf5 Nxf5 32. f4 1-0

[Event "LEM Niedersachsen-A-Open 2025"]
[Site "Verden"]
[Date "2025.01.04"]
[Round "5.13"]
[White "Thieu, Nguyen Gia Bao"]
[Black "Boerma, Daniel"]
[Result "1/2-1/2"]
[ECO "C12"]
[WhiteElo "1898"]
[BlackElo "1958"]
[Annotator "RC"]
[PlyCount "58"]
[EventDate "2024.12.27"]
[EventType "swiss"]
[EventCountry "GER"]
[SourceTitle "playchess.com"]
[Source "ChessBase"]
[SourceQuality "1"]
[TimeControl "40/5400+30:1800+30"]

1. e4 e6 2. d4 d5 3. Nc3 Nf6 4. Bg5 Bb4 5. e5 h6 6. Bc1 Ne4 7. Qg4 Kf8 8. Nge2 c5 9. a3 Bxc3+ 10. Nxc3 Nxc3 11. bxc3 Nc6 12. Bd3 c4 13. Be2 Bd7 14. O-O Ne7 15. f4 h5 16. Qh3 Kg8 17. Qf3 b5 18. a4 bxa4 19. Ba3 Rb8 20. Rfb1 Nf5 21. g3 g6 22. Bf1 Kg7 23. Bh3 Nh6 24. Bd6 Rxb1+ 25. Rxb1 Qa5 26. Bb4 Qc7 27. Bd6 Qa5 28. Bb4 Qc7 29. Bd6 Qa5 1/2-1/2

[Event "LEM Niedersachsen-A-Open 2025"]
[Site "Verden"]
[Date "2025.01.04"]
[Round "5.14"]
[White "Belakhin, Alexander"]
[Black "Zweigait, Leon"]
[Result "1/2-1/2"]
[ECO "E44"]
[WhiteElo "1945"]
[BlackElo "1865"]
[Annotator "NA RC"]
[PlyCount "124"]
[EventDate "2024.12.27"]
[EventType "swiss"]
[EventCountry "GER"]
[SourceTitle "playchess.com"]
[Source "ChessBase"]
[SourceQuality "1"]
[TimeControl "40/5400+30:1800+30"]

1. d4 Nf6 2. c4 e6 3. Nc3 Bb4 4. e3 b6 5. Nge2 Bb7 6. a3 Be7 7. Ng3 h5 {[%emt 0:01:32] E44: Nimzo-Indian: Rubinstein: 4...b6 5 Ne2.} 8. f3 d5 9. cxd5 Nxd5 10. Nxd5 Qxd5 11. Bd3 c5 12. dxc5 Qxc5 13. Bd2 Nd7 14. Ne4 Qd5 15. Qe2 Ne5 16. Bb5+ Bc6 17. Bxc6+ Nxc6 18. Bc3 O-O-O 19. O-O e5 20. Rfd1 Qe6 21. Rdc1 Kb7 22. a4 (22. b4 $142) 22... a5 23. Rc2 f5 24. Nf2 Bc5 25. Nd3 Rd5 26. Nxc5+ Rxc5 27. Rd2 Ne7 28. e4 Rhc8 29. Rad1 Nc6 30. Rd5 Nb4 31. Rd7+ R8c7 32. Rxc7+ Kxc7 33. Qd2 Nc6 34. Qg5 g6 35. Qh6 Qf7 36. Qd2 Qe6 37. exf5 gxf5 38. Qg5 Qf7 39. Qh6 Nd4 40. Bxd4 exd4 41. Qf4+ Kb7 42. Qxd4 Qc4 43. Qxc4 Rxc4 44. b3 Rc3 45. Rb1 Kc6 46. b4 Rc4 47. bxa5 bxa5 48. Rb5 Rxa4 49. Rxf5 h4 (49... Ra1+ $1 $11 50. Kf2 h4) 50. g4 hxg3 51. hxg3 Ra1+ {[%emt 0:00:00] [#]} (51... Kb6 $1 $11 {is more appropriate.}) 52. Kf2 $1 Kd6 (52... Ra2+ $16 53. Ke3 a4) 53. Ke2 $16 (53. g4 $18) 53... a4 54. Ra5 (54. Kf2 $1 $14) 54... a3 $2 {[%emt 0:00:00] [#]} (54... Kc6 $11 {and Black is okay.}) 55. Kd2 $2 (55. Kf2 $1 $18) 55... Rg1 56. Rxa3 Rxg3 57. Ke3 Rg1 58. Ra2 Ke5 59. f4+ Kf6 60. Ra6+ Kf5 61. Ra5+ Kf6 62. Ra2 Kf5 1/2-1/2

[Event "LEM Niedersachsen-A-Open 2025"]
[Site "Verden"]
[Date "2025.01.04"]
[Round "5.16"]
[White "Nuerenberg, Marius"]
[Black "Koch, Yannick"]
[Result "1/2-1/2"]
[ECO "B46"]
[WhiteElo "1911"]
[BlackElo "2024"]
[Annotator "NA RC"]
[PlyCount "49"]
[EventDate "2024.12.27"]
[EventType "swiss"]
[EventCountry "GER"]
[SourceTitle "playchess.com"]
[Source "ChessBase"]
[SourceQuality "1"]
[TimeControl "40/5400+30:1800+30"]

1. e4 c5 2. Nf3 a6 3. Nc3 e6 4. d4 cxd4 5. Nxd4 Nc6 6. Nxc6 {[%emt 0:01:34] B46: Sicilian: Taimanov: 5 Nc3 a6.} dxc6 7. Qxd8+ Kxd8 8. Be3 Bd6 9. O-O-O Ke7 10. Be2 e5 11. Rd2 Be6 12. Rhd1 Bc7 13. Bc5+ Kf6 14. Na4 Nh6 (14... g5 $16 {keeps fighting.} 15. g3 Kg7) 15. Nb6 Rad8 16. Nd7+ Bxd7 17. Rxd7 Rxd7 18. Rxd7 Rc8 19. Bc4 b5 20. Bb3 Kg6 21. c3 Bd8 22. f3 Bg5+ 23. Kc2 Rd8 24. Rxd8 $16 (24. Ra7 $18 Rd2+ 25. Kb1 Rxg2 26. Rxa6) 24... Bxd8 25. Be3 1/2-1/2

[Event "LEM Niedersachsen-A-Open 2025"]
[Site "Verden"]
[Date "2025.01.04"]
[Round "5.17"]
[White "Bangert, Jonas"]
[Black "Kiesel, Lucas"]
[Result "1/2-1/2"]
[ECO "A50"]
[WhiteElo "1894"]
[BlackElo "2023"]
[Annotator "NA RC"]
[PlyCount "81"]
[EventDate "2024.12.27"]
[EventType "swiss"]
[EventCountry "GER"]
[SourceTitle "playchess.com"]
[Source "ChessBase"]
[SourceQuality "1"]
[TimeControl "40/5400+30:1800+30"]

1. d4 Nf6 2. Nf3 g6 3. c4 Bg7 4. Nc3 O-O 5. g3 b6 6. Bg2 Bb7 7. O-O d6 8. Qc2 {[%emt 0:07:58] A50: Queen's Fianchetto Defence (1 d4 Nf6 2 c4 b6).} c5 9. dxc5 bxc5 10. Bd2 Nc6 11. Rad1 Rb8 12. Rfe1 h6 13. e4 e5 14. Nd5 Nxd5 15. exd5 Nd4 16. Nxd4 cxd4 17. Qa4 Bc8 18. Ba5 Qe7 19. b3 f5 20. Rxd4 e4 21. Rdd1 Bd7 22. Qa3 Be5 23. Qc1 Qg7 24. f3 f4 25. Rxe4 Bf5 26. Re2 Rbe8 27. Rde1 Bd3 28. Rxe5 Rxe5 29. Bc3 Rxe1+ 30. Qxe1 Qf7 31. Qd2 Bb1 32. g4 g5 33. Qd4 Kh7 34. Bf1 Rg8 35. Kg2 Qe7 36. h3 Bg6 37. Kf2 Re8 38. Kg2 Rg8 39. Kf2 $11 Re8 40. Kg2 Rg8 {Better is} 41. b4 $18 1/2-1/2